AoeStats
← Warcanoe

Arena

505194175Analyzed
1v1 RM · 24d ago on Sep 8, 2026· 38m 24s· 2 players
Game mode
Random Map
Map size
Tiny (2 player)
Population
200
Speed
Normal
Resources
Standard
Victory
Conquest
Starting age
Dark Age
Ending age
Imperial Age
RankedLock teamsTeams togetherTeam positionsShared explorationLock speedFull tech treeHidden civsTurbo modeCheats
Victory
Defeat
🇻🇳 Japanese · Vietnam
901
+17
🇨🇭 Persians · Switzerland
915
-17
ducthi.bds
12:00 Feudal Age
13:19 Loom
14:24 Double-Bit Axe
14:21 Horse Collar
17:12 Castle Age
15:30 Stone Mining
17:18 Gold Mining
18:25 Bow Saw
18:17 Heavy Plow
22:06 Wheelbarrow
24:26 Scale Mail Armor
25:49 Gold Shaft Mining
24:51 Pikeman
25:56 Squires
25:42 Arson
30:35 Imperial Age
29:14 Chain Mail Armor
30:28 Forging
31:42 Conscription
32:10 Plate Mail Armor
31:02 Halberdier
32:23 Hand Cart
33:30 Iron Casting
35:23 Blast Furnace
34:41 Elite Samurai
Warcanoe
10:37 Feudal Age
11:37 Double-Bit Axe
12:00 Horse Collar
17:21 Wheelbarrow
20:07 Castle Age
18:48 Scale Barding Armor
18:54 Forging
19:47 Gold Mining
23:43 Bow Saw
24:48 Bloodlines
25:06 Heavy Plow
25:24 Husbandry
26:14 Chain Barding Armor
28:42 Iron Casting
28:07 Stone Mining
28:40 Town Watch
28:46 Loom
29:18 Fletching
29:29 Padded Archer Armor
30:14 Hand Cart
30:08 Crossbowman
31:15 Kamandaran
35:36 Imperial Age
34:59 Thumb Ring
35:54 Bodkin Arrow
36:15 Leather Archer Armor
36:48 Cavalier
Connection lost

Rejoining the realm…

Still unreachable

The connection could not be restored.

Session expired

The server has moved on; the page needs a fresh start.